 Dungeon Crawl Stone Soup version 0.16.1-18-g436b03c (webtiles) character file.

690 lorenzova the Vexing (level 7, -5/32 HPs)
             Began as a Spriggan Enchanter on May 4, 2015.
             Was an Initiate of Dithmenos.
             Killed by divine providence
             ... invoked by an orc priest
              (13 damage)
             ... on level 5 of the Dungeon.
             The game lasted 00:10:12 (4944 turns).

lorenzova the Vexing (Spriggan Enchanter)           Turns: 4944, Time: 00:10:13

Health: -5/32      AC:  4    Str:  6    XL:     7   Next: 36%
Magic:  25/25      EV: 18    Int: 16    God:    Dithmenos [......]
Gold:   219        SH:  0    Dex: 17    Spells: 3 memorised, 14 levels left

rFire  . . .     SeeInvis +     u - +2 dagger (speed)
rCold  . . .     Clarity  .     b - +1 robe
rNeg   . . .     SustAb   .     (shield restricted)
rPois  .         Gourm    .     (helmet restricted)
rElec  .         Spirit   .     i - +0 cloak
rCorr  .         Warding  .     (gloves unavailable)
rMut   .         Stasis   .     (boots unavailable)
MR     +....                    (no amulet)
Stlth  +++.......               (no ring)
                                (no ring)

@: very quick, somewhat resistant to hostile enchantments, fairly stealthy
A: unfitting armour, see invisible, herbivore 3, speed 3, slow metabolism 2
a: Renounce Religion


You were on level 5 of the Dungeon.
You worshipped Dithmenos.
Dithmenos was noncommittal.
You were not hungry.

You visited 2 branches of the dungeon, and saw 6 of its levels.

You collected 219 gold pieces.

Inventory:

Hand weapons
 a - a +1 dagger
 o - a +2 dagger of speed
 u - a +2 dagger of speed (weapon)
Armour
 b - a +1 robe (worn)
 i - a +0 cloak (worn)
Jewellery
 v - an uncursed ring of fire
Magical devices
 r - a wand of heal wounds (0)
 x - a wand of draining (10)
Scrolls
 e - 2 scrolls of enchant armour {unknown}
 f - a scroll of fog {unknown}
 h - 2 scrolls of teleportation {unknown}
 m - a scroll of remove curse {unknown}
 n - 5 scrolls of identify {unknown}
 p - a scroll of immolation {unknown}
 y - a scroll of random uselessness {unknown}
 A - a scroll of enchant weapon {unknown}
Potions
 g - 2 potions of brilliance {unknown}
 j - a potion of mutation {unknown}
 k - 4 potions of curing {unknown}
 l - 2 potions of haste {unknown}
 q - 2 potions of degeneration {unknown}
 s - 2 potions of ambrosia {unknown}
 t - a potion of cure mutation {unknown}
 w - 3 potions of poison {unknown}
Books
 c - a book of Maledictions

   Spells                             Type                      Level
   a - Corona                         Hexes                        1
   b - Sure Blade                     Hexes/Charms                 2
   c - Ensorcelled Hibernation        Hexes/Ice                    2
   d - Confuse                        Hexes                        3
   e - Dazzling Spray                 Conjuration/Hexes            3
   f - Enslavement                    Hexes                        4
Comestibles
 d - 3 bread rations
 z - a slice of pizza


   Skills:
 - Level 1.1 Short Blades
 - Level 3.0 Dodging
 + Level 5.3 Stealth
 * Level 7.3 Spellcasting
 * Level 7.5 Hexes


You had 14 spell levels left.
You knew the following spells:

 Your Spells              Type           Power        Failure   Level  Hunger
a - Corona                Hex            ####...      1%          1    None
b - Ensorcelled Hibernat  Hex/Ice        ###...       4%          2    None
c - Confuse               Hex            ####....     1%          3    ##.....


Dungeon Overview and Level Annotations

Branches:
Dungeon (5/15)             Temple (1/1) D:4

Altars:
Ashenzari
Cheibriados
Dithmenos
Elyvilon
Fedhas
Gozag
Kikubaaqudgha
Makhleb
Nemelex Xobeh
Okawaru
Qazlal
Ru
Trog
Vehumet
Xom
Yredelemnul
Zin
The Shining One


Innate Abilities, Weirdness & Mutations

You are tiny and cannot use many weapons and most armour.
You have supernaturally acute eyesight.
You are a herbivore.
You cover ground extremely quickly.
You need consume almost no food.


Message History

An orc is nearby!
An orc comes into view. It is wielding a club.
Found 10 stones.
An orc priest comes into view.
It is wielding a falchion of holy wrath.
An orc priest and an orc wizard come into view.
The orc shouts!
The orc priest shouts!
You hit the orc.
The orc is heavily wounded.
You hit the orc.
You kill the orc!
Dithmenos accepts your kill.
The orc priest calls down the wrath of Beogh upon you.
Something smites you! The orc hits you but does no damage.
The orc priest invokes the aid of Beogh against you.
Something smites you!
* * * LOW HITPOINT WARNING * * *
The orc priest mumbles some strange prayers to Beogh against you.
Something smites you!
You die...

#......# #......# ..
#......+
...#######......#
...........#'#######+
...........+<........
...........#.........
..........###+#####+
.###+##...@.o........
#........o.....
.........)........
.#...#.#..o#.....
(.#.#...#.#......
..#.....#...#...
.#..... ..#o.. #.....
##... #...# .


You could see an orc priest, an orc wizard and an orc.

Vanquished Creatures
  Grinder (D:3)
  2 scorpions (D:4)
  A hound (D:4)
  Crazy Yiuf (D:2)
  A centaur skeleton (D:4)
  A giant frog skeleton (D:4)
  2 worker ants (D:4)
  Terence (D:2)
  6 adders
  A gnoll (D:3)
  5 worms
  An adder skeleton (D:4)
  An adder zombie (D:5)
  2 giant geckos
  2 oozes (D:2)
  6 orcs
  11 bats
  2 bat skeletons (D:4)
  6 giant cockroaches
  13 goblins
  7 hobgoblins
  3 quokkas
  A giant gecko skeleton (D:4)
  2 giant newts
  8 jackals
  13 kobolds
  7 rats
107 creatures vanquished.

Vanquished Creatures (collateral kills)
  2 gnolls (D:3)
  A goblin (D:3)
3 creatures vanquished.

Grand Total: 110 creatures vanquished

Notes
Turn   | Place    | Note
--------------------------------------------------------------
     0 | D:1      | lorenzova, the Spriggan Enchanter, began the quest for the Orb.
     0 | D:1      | Reached XP level 1. HP: 9/9 MP: 4/4
   372 | D:1      | Reached XP level 2. HP: 13/13 MP: 8/8
   393 | D:1      | Learned a level 2 spell: Ensorcelled Hibernation
  1120 | D:2      | Reached XP level 3. HP: 13/16 MP: 0/11
  1341 | D:2      | Noticed Crazy Yiuf
  1352 | D:2      | Learned a level 3 spell: Confuse
  1371 | D:2      | Killed Crazy Yiuf
  1371 | D:2      | Reached XP level 4. HP: 7/21 MP: 12/15
  1599 | D:2      | Found an iron altar of Okawaru.
  1602 | D:2      | Found a basalt altar of Yredelemnul.
  1753 | D:2      | Noticed Terence
  1768 | D:2      | Killed Terence
  1822 | D:2      | Reached skill level 5 in Hexes
  2592 | D:3      | Noticed Grinder
  2594 | D:3      | Paralysed by Grinder for 6 turns
  2628 | D:3      | Killed Grinder
  2628 | D:3      | Reached skill level 6 in Spellcasting
  2628 | D:3      | Reached XP level 5. HP: 24/24 MP: 13/20
  2628 | D:3      | Reached XP level 6. HP: 28/28 MP: 14/22
  3858 | D:4      | Reached skill level 7 in Hexes
  3866 | D:4      | Reached XP level 7. HP: 32/32 MP: 15/24
  4046 | D:4      | Found a staircase to the Ecumenical Temple.
  4057 | Temple   | Entered the Ecumenical Temple
  4111 | Temple   | Became a worshipper of Dithmenos the Shadowed
  4234 | D:4      | Reached skill level 5 in Stealth
  4767 | D:4      | Found a bloodstained altar of Trog.
  4770 | D:4      | Found a white marble altar of Elyvilon.
  4773 | D:4      | Found a blossoming altar of Fedhas.
  4776 | D:4      | Found a burning altar of Makhleb.
  4928 | D:5      | Entered Level 5 of the Dungeon
  4944 | D:5      | Killed from afar by an orc priest

Action                   |  1- 3 |  4- 6 |  7- 9 || total
-------------------------+-------+-------+-------++-------
Melee: Dagger            |    86 |   215 |    89 ||   390
 Cast: Ensorcelled Hiber |     5 |    29 |     5 ||    39
       Confuse           |     1 |    10 |     3 ||    14
 Stab: Sleeping          |    10 |    20 |     6 ||    36
       Confused          |     2 |    11 |     1 ||    14
  Eat: Bread ration      |       |     1 |       ||     1
